[Event "Moscow Open-F 2019"]
[Site "Moscow"]
[Date "2019.01.27"]
[Round "3"]
[White "Loginov, Ilya"]
[Black "Antonov, Andrey P."]
[Result "0-1"]
[ECO "C02"]
[WhiteElo "1893"]
[BlackElo "2150"]
[Annotator "ChessBase"]
[PlyCount "94"]
[EventDate "2019.01.26"]
[EventType "swiss"]
[EventCountry "RUS"]
[SourceTitle "playchess.com"]
[Source "ChessBase"]
[SourceQuality "1"]
[TimeControl "40/5400+30:1800+30"]

1. e4 e6 2. d4 d5 3. e5 c5 4. c3 Qb6 5. Nf3 Nc6 6. a3 Nh6 7. b4 cxd4 8. cxd4 Nf5 9. Bb2 Bd7 10. g4 Nfe7 11. Nc3 Na5 12. Na4 Qc6 13. b5 Qc7 14. Nc5 Nc4 15. Bxc4 dxc4 16. Nd2 Bxb5 17. a4 Bc6 18. Nxc4 Ng6 19. O-O Rd8 20. Qb3 Nf4 21. Qe3 Ng2 22. Qg3 h5 23. f3 hxg4 24. Qxg2 gxf3 25. Qc2 Rh6 26. Rf2 Be7 27. Rc1 Bh4 28. Ne4 Bxf2+ 29. Qxf2 f5 30. Ncd6+ Rxd6 31. Nxd6+ Kd7 32. Qg3 g6 33. Nf7 Rh5 34. Rc2 Qa5 35. Rf2 Ke7 36. Kf1 Kxf7 37. Rc2 Bxa4 38. Rc5 Qa6+ 39. Kg1 Qb6 40. Bc1 Bc6 41. Qf2 Qb4 42. Bd2 Qb1+ 43. Rc1 Qe4 44. Ra1 Rh4 45. Kh1 Qxd4 46. Rf1 Qxf2 47. Rxf2 Re4 0-1

[Event "Moscow Open-F 2019"]
[Site "Moscow"]
[Date "2019.01.28"]
[Round "4"]
[White "Fotin, Vladimir"]
[Black "Jaiswal, Rupesh"]
[Result "1-0"]
[ECO "A48"]
[WhiteElo "2341"]
[BlackElo "2141"]
[Annotator "NA RC"]
[PlyCount "53"]
[EventDate "2019.01.26"]
[EventType "swiss"]
[EventCountry "RUS"]
[SourceTitle "playchess.com"]
[Source "ChessBase"]
[SourceQuality "1"]
[TimeControl "40/5400+30:1800+30"]

1. d4 Nf6 2. Nf3 g6 3. Nbd2 d5 4. b4 {[%emt 0:00:20] D02: 1 d4 d5 2 Nf3 sidelines, including 2...Nf6 3 g3 and 2...Nf6 3 Bf4} (4. e3 Bg7 5. b4 O-O 6. Bb2 c6 7. c4 Nbd7 8. a4 Ne4 9. cxd5 Nxd2 10. Qxd2 cxd5 11. Bd3 Nf6 12. O-O Ne4 13. Qe2 Nd6 14. Rfc1 Bf5 15. Bxf5 gxf5 {1-0 (47) Sargissian,G (2689)-Kovalev,V (2683) St Petersburg 2018}) 4... a5 5. b5 Bg7 6. e3 O-O 7. Be2 c5 8. bxc6 bxc6 9. Ba3 Re8 10. O-O Ba6 11. Rb1 Nfd7 12. c4 e5 $146 ({Predecessor:} 12... e6 13. Re1 {1-0 (54) Olson,H (2123)-Srebrnic,V (2136) Trieste 2017}) 13. dxe5 Nxe5 14. Nxe5 Rxe5 15. Nf3 Re4 16. cxd5 cxd5 17. Bb5 Rb4 18. Bxb4 Bxb5 19. Be7 Qd7 20. Qb3 Bxf1 21. Qxb8+ Rxb8 22. Rxb8+ Bf8 $1 23. Bxf8 Ba6 24. Ne5 Qe6 $1 25. Rd8 Bb5 $18 (25... Qb6 $1 $14 26. Be7+ Kg7) 26. Bh6+ Be8 27. Ng4 1-0

[Event "Moscow Open-F 2019"]
[Site "Moscow"]
[Date "2019.01.28"]
[Round "4"]
[White "Razumovskiy, Mikhail"]
[Black "Oguzov, Shamil"]
[Result "1/2-1/2"]
[ECO "A57"]
[WhiteElo "1974"]
[BlackElo "2196"]
[Annotator "RC"]
[PlyCount "130"]
[EventDate "2019.01.26"]
[EventType "swiss"]
[EventCountry "RUS"]
[SourceTitle "playchess.com"]
[Source "ChessBase"]
[SourceQuality "1"]
[TimeControl "40/5400+30:1800+30"]

1. d4 Nf6 2. c4 c5 3. d5 b5 4. cxb5 a6 5. b6 d6 6. Nc3 Nbd7 7. Nf3 g6 8. e4 Bg7 9. Bd3 O-O 10. O-O Nxb6 11. h3 e6 12. dxe6 Bxe6 13. Bg5 h6 14. Bh4 g5 15. Bg3 d5 16. e5 Nfd7 17. Rc1 Qe7 18. Bb1 Rfd8 19. Qe2 Nf8 20. Nh2 Ng6 21. Qh5 Nf4 22. Bxf4 gxf4 23. Nf3 f6 24. Rfe1 fxe5 25. Nxe5 Qf6 26. Bg6 Nd7 27. Nf7 Bxf7 28. Bxf7+ Qxf7 29. Qxf7+ Kxf7 30. Nxd5 Nf6 31. Nxf4 Rac8 32. b3 Rd6 33. Re5 Rdc6 34. Rc4 Nd7 35. Rd5 Nb6 36. Rf5+ Rf6 37. Rxf6+ Bxf6 38. Rc1 Bd4 39. Ne2 Rd8 40. Kf1 Nd5 41. Rd1 Nb4 42. a4 Nc6 43. g4 Rb8 44. Rd3 Ke6 45. f4 Nb4 46. Nxd4+ Kd5 47. Nc6+ Kxc6 48. Rg3 Rf8 49. f5 Kd5 50. Ke2 Kd4 51. Rf3 Nd5 52. Rf1 Ke4 53. Rc1 Nf4+ 54. Kf1 Rb8 55. Rc3 Nd3 56. Ke2 Rxb3 57. Rxb3 Nc1+ 58. Kd2 Nxb3+ 59. Kc3 Nd4 60. Kc4 Ke5 61. Kxc5 a5 62. Kc4 Nc6 63. Kc5 Nd4 64. Kc4 Nc6 65. Kc5 Nd4 1/2-1/2

[Event "Moscow Open-F 2019"]
[Site "Moscow"]
[Date "2019.01.29"]
[Round "5"]
[White "Aleksandrovskiy, Dmitriy"]
[Black "Ivlev, Aleksey"]
[Result "*"]
[ECO "B12"]
[WhiteElo "2299"]
[BlackElo "2326"]
[Annotator "RC"]
[PlyCount "36"]
[EventDate "2019.01.26"]
[EventType "swiss"]
[EventCountry "RUS"]
[SourceTitle "playchess.com"]
[Source "ChessBase"]
[SourceQuality "1"]
[TimeControl "40/5400+30:1800+30"]

1. e4 c6 2. d4 d5 3. Nd2 g6 4. Ngf3 Bg7 5. c3 Nh6 6. Bd3 O-O 7. O-O f6 8. Re1 Nf7 9. b4 e5 10. b5 Re8 11. bxc6 bxc6 12. dxe5 fxe5 13. Ba3 Nd7 14. Qa4 Qc7 15. Rab1 Nf6 16. Bb4 a5 17. Bc5 Nd7 18. Ba3 Bf8 *

[Event "Moscow Open-F 2019"]
[Site "Moscow"]
[Date "2019.01.29"]
[Round "5"]
[White "Rudometov, Maxim"]
[Black "Yanko, Ivan"]
[Result "*"]
[ECO "A48"]
[WhiteElo "2265"]
[BlackElo "1906"]
[Annotator "RC"]
[PlyCount "26"]
[EventDate "2019.01.26"]
[EventType "swiss"]
[EventCountry "RUS"]
[SourceTitle "playchess.com"]
[Source "ChessBase"]
[SourceQuality "1"]
[TimeControl "40/5400+30:1800+30"]

1. d4 Nf6 2. Nf3 g6 3. Nbd2 Bg7 4. e4 d6 5. Bb5+ c6 6. Bd3 c5 7. c3 O-O 8. O-O Bd7 9. Qe2 Ne8 10. Nb3 cxd4 11. cxd4 Nc6 12. d5 Nb4 13. Bb1 Rc8 *

[Event "Moscow Open-F 2019"]
[Site "Moscow"]
[Date "2019.01.29"]
[Round "5"]
[White "Teiitbaev, Aktilek"]
[Black "Dulguun Altankhuyag"]
[Result "*"]
[ECO "C65"]
[WhiteElo "2229"]
[BlackElo "1681"]
[Annotator "NA RC"]
[PlyCount "118"]
[EventDate "2019.01.26"]
[EventType "swiss"]
[EventCountry "RUS"]
[SourceTitle "playchess.com"]
[Source "ChessBase"]
[SourceQuality "1"]
[TimeControl "40/5400+30:1800+30"]

1. e4 e5 2. Nf3 Nc6 3. Bb5 Nf6 4. d3 d6 5. Nc3 Bg4 6. h3 {[%emt 0:01:22] C65: Ruy Lopez: Berlin Defence (3...Nf6), unusual lines and 4 0-0 Bc5} Bh5 7. Bg5 Be7 8. g4 Bg6 9. Qd2 a6 (9... O-O 10. h4 h5 11. Bxf6 Bxf6 12. g5 Be7 13. O-O-O a6 14. Bxc6 bxc6 {½-½ (34) Macho,M (1710)-Jirasek,J (1903) Klatovy 2018}) 10. Ba4 b5 $146 ({Predecessor:} 10... h6 11. Bxf6 Bxf6 12. Nd5 b5 13. Bb3 a5 14. a3 {1-0 (37) Meszaros,N (1552)-Niznansky,L (1684) Slovakia 2014}) 11. Bb3 Na5 12. h4 h5 13. Bxf6 Nxb3 14. axb3 Bxf6 15. g5 Be7 16. Nd5 c6 17. Nxe7 Qxe7 18. Qe3 c5 19. Nd2 O-O 20. Nf1 c4 21. bxc4 bxc4 22. dxc4 Qb7 23. Nd2 Qxb2 24. O-O Qb7 25. Rfb1 Qd7 26. Ra5 Rfc8 27. f3 Rc7 28. Kg2 Rb7 29. Rb6 Rxb6 30. Qxb6 Qe7 31. Nf1 f6 32. Ne3 fxg5 33. Nd5 Qf7 34. Qxd6 gxh4 35. Qxe5 h3+ 36. Kf2 Re8 37. Qf4 Qe6 38. Kg3 Rf8 39. Qg5 h2 40. Kxh2 Rxf3 41. Ne7+ Kh7 42. Qxg6+ Qxg6 43. Nxg6 Kxg6 44. Kg2 (44. Rxa6+ $15 Kg5 45. Ra5+ Kg4 46. e5) 44... Rc3 45. c5 Kg5 ({Less strong is} 45... Rxc2+ 46. Kf3 $15) 46. c6+ Kg4 47. Rxa6 Rxc2+ 48. Kg1 Kg3 49. Kf1 Kf3 50. Kg1 Kxe4 51. Ra7 g5 52. c7 Kf3 53. Ra3+ Kg4 54. Ra7 Kg3 55. Ra3+ Kh4 56. Ra7 g4 57. Kf1 Kh3 58. Ke1 g3 59. Kd1 Rc5 *

[Event "Moscow Open-F 2019"]
[Site "Moscow"]
[Date "2019.01.29"]
[Round "5"]
[White "Badalyan, Shavarsh"]
[Black "Gorenshtein, Kirill"]
[Result "*"]
[ECO "A40"]
[WhiteElo "2198"]
[BlackElo "1797"]
[Annotator "NA RC"]
[PlyCount "36"]
[EventDate "2019.01.26"]
[EventType "swiss"]
[EventCountry "RUS"]
[SourceTitle "playchess.com"]
[Source "ChessBase"]
[SourceQuality "1"]
[TimeControl "40/5400+30:1800+30"]

1. d4 e6 2. Nf3 Nf6 3. g3 b6 4. Bg2 Bb7 5. O-O c5 6. c4 Be7 7. d5 exd5 8. Nh4 O-O 9. cxd5 d6 10. Nc3 Qd7 11. a4 Na6 12. e4 Nb4 13. Qe2 Ba6 14. Nb5 Ne8 15. Nf5 Bf6 16. Bh3 Kh8 17. Kg2 Bc8 18. Bg4 h5 *

[Event "Moscow Open-F 2019"]
[Site "Moscow"]
[Date "2019.01.29"]
[Round "5"]
[White "Oguzov, Shamil"]
[Black "Bazarov, Vladimir"]
[Result "*"]
[ECO "B07"]
[WhiteElo "2196"]
[BlackElo "1800"]
[Annotator "NA RC"]
[PlyCount "32"]
[EventDate "2019.01.26"]
[EventType "swiss"]
[EventCountry "RUS"]
[SourceTitle "playchess.com"]
[Source "ChessBase"]
[SourceQuality "1"]
[TimeControl "40/5400+30:1800+30"]

1. e4 d6 2. d4 Nf6 3. Nc3 g6 4. g3 Bg7 5. Bg2 O-O 6. Nge2 Nbd7 7. h3 c6 8. O-O e5 9. Be3 Nb6 10. b3 exd4 11. Bxd4 Be6 12. Qd2 d5 13. e5 Nfd7 14. f4 f6 15. exf6 Bxf6 16. Rae1 Qc7 *

[Event "Moscow Open-F 2019"]
[Site "Moscow"]
[Date "2019.01.29"]
[Round "5"]
[White "Ufimtsev, Egor"]
[Black "Fotin, Vladimir"]
[Result "*"]
[ECO "A30"]
[WhiteElo "2160"]
[BlackElo "2341"]
[Annotator "RC"]
[PlyCount "76"]
[EventDate "2019.01.26"]
[EventType "swiss"]
[EventCountry "RUS"]
[SourceTitle "playchess.com"]
[Source "ChessBase"]
[SourceQuality "1"]
[TimeControl "40/5400+30:1800+30"]

1. Nf3 Nf6 2. c4 e6 3. g3 b6 4. Bg2 Bb7 5. O-O c5 6. Nc3 Be7 7. d4 cxd4 8. Qxd4 d6 9. Rd1 a6 10. Bg5 Nbd7 11. Bxf6 Nxf6 12. e4 Qc7 13. e5 dxe5 14. Qxe5 Rc8 15. Qxc7 Rxc7 16. Ne5 Bxg2 17. Kxg2 O-O 18. Rd3 Rb8 19. Rad1 b5 20. cxb5 axb5 21. Nd7 Rbb7 22. Nxf6+ gxf6 23. a3 f5 24. Ne2 b4 25. axb4 Rxb4 26. b3 Rc2 27. Nd4 Rc7 28. Nf3 Bf6 29. Nd2 Kg7 30. Nc4 Rcb7 31. Nd2 Rc7 32. Nc4 Kg6 33. f4 Ra7 34. Kf3 Ra2 35. R1d2 Ra1 36. Re2 Rf1+ 37. Kg2 Rb1 38. Ree3 Rb7 *

[Event "Moscow Open-F 2019"]
[Site "Moscow"]
[Date "2019.01.29"]
[Round "5"]
[White "Antonov, Andrey P."]
[Black "Matyunin, Maxim"]
[Result "*"]
[ECO "C01"]
[WhiteElo "2150"]
[BlackElo "2218"]
[Annotator "NA RC"]
[PlyCount "36"]
[EventDate "2019.01.26"]
[EventType "swiss"]
[EventCountry "RUS"]
[SourceTitle "playchess.com"]
[Source "ChessBase"]
[SourceQuality "1"]
[TimeControl "40/5400+30:1800+30"]

1. e4 e6 2. d4 d5 3. exd5 exd5 4. Nf3 Bd6 5. c4 c6 6. Nc3 Ne7 7. Bd3 O-O 8. O-O Bf5 9. Bxf5 Nxf5 10. cxd5 cxd5 11. Qb3 Nc6 12. Qxd5 Nfxd4 13. Nxd4 Nxd4 14. Rd1 Nc2 15. Rb1 Bc7 16. Qxb7 Qe7 17. Qf3 Nd4 18. Qg4 Rad8 *

[Event "Moscow Open-F 2019"]
[Site "Moscow"]
[Date "2019.01.28"]
[Round "5"]
[White "Pischasov, Alexander"]
[Black "Grachev, Andrey"]
[Result "*"]
[WhiteElo "2022"]
[BlackElo "2181"]
[Annotator "NA RC"]
[PlyCount "60"]
[EventDate "2019.01.26"]
[EventType "swiss"]
[EventCountry "RUS"]
[SourceTitle "playchess.com"]
[Source "ChessBase"]
[SourceQuality "1"]
[TimeControl "40/5400+30:1800+30"]

1. d4 d6 2. Nf3 g6 3. e4 Nf6 4. Nbd2 a6 5. a4 Bg7 6. Be2 c5 7. dxc5 dxc5 8. O-O O-O 9. c3 Qc7 10. Qc2 b6 11. Re1 Bb7 12. Bf1 Nc6 13. Nc4 Ng4 14. Qb3 Bd4 15. Qxb6 Bxf2+ 16. Kh1 Qxb6 17. Nxb6 Rad8 18. Bf4 Bxe1 19. Rxe1 Nf2+ 20. Kg1 Nd3 21. Bxd3 Rxd3 22. Kf2 f5 23. e5 Na5 24. e6 Bxf3 25. gxf3 Rfd8 26. h4 Rd1 27. Re2 R8d3 (27... Ra1 $19 28. Nd7 Rxa4) 28. Nd7 c4 29. Nc5 Rd5 30. Nxa6 Ra1 $11 (30... Nb3 $17 31. Nb4 Rc5) *

[Event "Moscow Open-F 2019"]
[Site "Moscow"]
[Date "2019.01.29"]
[Round "5"]
[White "Kuzub, Pavel"]
[Black "Derevianchenko, Ilia"]
[Result "*"]
[ECO "A04"]
[WhiteElo "1976"]
[BlackElo "2339"]
[Annotator "RC"]
[PlyCount "24"]
[EventDate "2019.01.26"]
[EventType "swiss"]
[EventCountry "RUS"]
[SourceTitle "playchess.com"]
[Source "ChessBase"]
[SourceQuality "1"]
[TimeControl "40/5400+30:1800+30"]

1. Nf3 g6 2. g3 Bg7 3. Bg2 d6 4. O-O e5 5. d3 f5 6. Nc3 Nf6 7. e4 O-O 8. Bg5 h6 9. Bxf6 Qxf6 10. exf5 gxf5 11. Nh4 c6 12. f4 Na6 *

[Event "Moscow Open-F 2019"]
[Site "Moscow"]
[Date "2019.01.29"]
[Round "5"]
[White "Zhaksygulov, Askarbai"]
[Black "Indzhiev, Aldar"]
[Result "*"]
[ECO "B51"]
[WhiteElo "1795"]
[BlackElo "2218"]
[Annotator "NA RC"]
[PlyCount "40"]
[EventDate "2019.01.26"]
[EventType "swiss"]
[EventCountry "RUS"]
[SourceTitle "playchess.com"]
[Source "ChessBase"]
[SourceQuality "1"]
[TimeControl "40/5400+30:1800+30"]

1. e4 c5 2. Nf3 d6 3. Bb5+ Nd7 4. d4 cxd4 5. Qxd4 Ngf6 6. Nc3 a6 7. Bxd7+ Bxd7 8. Bg5 e6 9. O-O h6 10. Bh4 Be7 11. Nd2 e5 12. Qd3 g5 13. Bg3 Rc8 14. Nc4 Be6 15. Ne3 Qb6 16. Rab1 h5 17. h4 Ng4 18. Ned5 Qd4 19. Qf3 Bd8 20. Rfd1 Qa7 *

[Event "Moscow Open-F 2019"]
[Site "Moscow"]
[Date "2019.01.30"]
[Round "6"]
[White "Indzhiev, Aldar"]
[Black "Chernyavsky, Alexander"]
[Result "*"]
[ECO "E90"]
[WhiteElo "2218"]
[BlackElo "2357"]
[Annotator "RC"]
[PlyCount "68"]
[EventDate "2019.01.26"]
[EventType "swiss"]
[EventCountry "RUS"]
[SourceTitle "playchess.com"]
[Source "ChessBase"]
[SourceQuality "1"]
[TimeControl "40/5400+30:1800+30"]

1. c4 g6 2. d4 Bg7 3. e4 d6 4. Nf3 Nf6 5. Nc3 O-O 6. h3 c5 7. Be3 cxd4 8. Nxd4 Nc6 9. Be2 Bd7 10. O-O Nxd4 11. Bxd4 Bc6 12. Qd3 Nd7 13. Bxg7 Kxg7 14. b4 b6 15. Rfc1 f5 16. Qd4+ Rf6 17. exf5 gxf5 18. Nd5 e5 19. Qh4 Rg6 20. Qxd8 Rxd8 21. Ne7 Rxg2+ 22. Kf1 Ba8 23. Nxf5+ Kh8 24. Nxd6 Rf8 25. f3 Rh2 26. c5 bxc5 27. bxc5 Bc6 28. Rab1 e4 29. Bb5 Bxb5+ 30. Nxb5 Rxf3+ 31. Kg1 Rff2 32. c6 Ne5 33. Nd4 Nf3+ 34. Nxf3 exf3 *

[Event "Moscow Open-F 2019"]
[Site "Moscow"]
[Date "2019.01.30"]
[Round "6"]
[White "Ufimtsev, Egor"]
[Black "Nyudleev, Dolgan"]
[Result "0-1"]
[ECO "A11"]
[WhiteElo "2160"]
[BlackElo "2333"]
[Annotator "NA RC"]
[PlyCount "102"]
[EventDate "2019.01.26"]
[EventType "swiss"]
[EventCountry "RUS"]
[SourceTitle "playchess.com"]
[Source "ChessBase"]
[SourceQuality "1"]
[TimeControl "40/5400+30:1800+30"]

1. c4 c6 2. Nf3 d5 3. d4 dxc4 4. e3 Be6 5. Nc3 Nf6 6. Ng5 {[%emt 0:12:28] LiveBook: 65 Games D25: Queen's Gambit Accepted: 4 e3: sidelines and 4...Bg4} Bg4 7. f3 $1 Bh5 8. Bxc4 e6 9. Nh3 Be7 $146 ({Predecessor:} 9... Bd6 10. e4 Bc7 11. Nf4 Bg6 12. Be3 b5 13. Bb3 a5 {1-0 (39) Hadzimanolis,A (2329)-Kovchan,A (2515) Kharkov 2008}) 10. Nf4 Bg6 11. Qb3 (11. e4 $14) 11... b5 12. Bxe6 fxe6 13. Nxe6 Qd6 14. Nxg7+ Kd7 15. e4 Bf8 16. e5 Qe7 {[%emt 0:03:20] Trapped Piece} 17. Bg5 $1 {[%emt 0:00:04] Pin} Bxg7 18. O-O-O (18. O-O $1 $14 {is the one way to stay ahead.} h6 19. Nd5) 18... Qe6 19. Qxe6+ Kxe6 20. exf6 Bxf6 21. d5+ cxd5 22. Rhe1+ Kf7 23. Bxf6 Kxf6 24. Nxd5+ Kg7 $1 25. Ne7 a6 26. Nxg6 hxg6 27. Re7+ Kf6 28. Rc7 a5 29. Rd6+ Ke5 30. Rxg6 Na6 31. Re7+ Kf5 32. Ree6 Rac8+ {[%emt 0:00:28] [#]} (32... Nb4 $11 {keeps the balance.}) 33. Kb1 ({White should play} 33. Kd2 $1 $16 Nc7 34. g4+ Kf4 35. Rgf6+ Kg5 36. Rg6+ Kh4 37. Rd6) 33... Rxh2 34. Rgf6+ Kg5 35. a3 Nc5 36. Rg6+ (36. f4+ Kg4 37. Rg6+ Kxf4 38. Rgf6+ Kg5 39. Rg6+ Kf5 40. Rgf6+ Kg5 41. Rg6+ Kf5 42. Rgf6+ Kg5 $11) 36... Kf4 (36... Kf5 $5 37. Rgf6+ $8) 37. Rb6 $2 (37. g3+ $1 $11 {and White has nothing to worry.} Kxf3 38. Rgf6+ Kxg3 39. Rg6+ Kf3 40. Rgf6+ Kg3 41. Rg6+ Kh4 42. Rh6+ Kg4 43. Rhg6+ Kf4 44. Rgf6+ Kg3) 37... a4 38. Rxb5 Rh1+ 39. Ka2 Ke3 40. Rg4 Kd3 41. Rbb4 Rc1 42. Rgd4+ Ke3 43. Rdc4 Nd3 44. Re4+ $2 (44. Rxc1 $11 Nxb4+ 45. Kb1) 44... Kd2 45. Rb6 R8c4 46. Rxc4 Rxc4 47. Kb1 Rc1+ 48. Ka2 Rc2 49. Kb1 Rc1+ 50. Ka2 Rg1 51. g4 $2 (51. Rd6 $19) 51... Nc1+ 0-1

[Event "Moscow Open-F 2019"]
[Site "Moscow"]
[Date "2019.01.31"]
[Round "7"]
[White "Nyudleev, Dolgan"]
[Black "Ivlev, Aleksey"]
[Result "1/2-1/2"]
[ECO "C49"]
[WhiteElo "2333"]
[BlackElo "2326"]
[Annotator "NA RC"]
[PlyCount "80"]
[EventDate "2019.01.26"]
[EventType "swiss"]
[EventCountry "RUS"]
[SourceTitle "playchess.com"]
[Source "ChessBase"]
[SourceQuality "1"]
[TimeControl "40/5400+30:1800+30"]

1. e4 e5 2. Nf3 Nc6 3. Nc3 Nf6 4. Bb5 Bb4 5. O-O O-O 6. Nd5 Nxd5 7. exd5 e4 8. dxc6 dxc6 9. Be2 exf3 10. Bxf3 Qf6 $146 {[%emt 0:01:48] C49: Four Knights: 4 Bb5 Bb4} ({Predecessor:} 10... Re8 11. d4 Be6 12. c3 Bd6 13. Be3 Qf6 {½-½ (28) Jerez Perez,A (2300)-Narciso Dublan,M (2450) Barcelona 1998}) 11. d4 Be6 12. c3 Bd6 13. Re1 Rfe8 14. Be3 Bd5 ({Predecessor:} 14... Re7 15. Qd3 Bd5 16. Bxd5 cxd5 17. Bd2 Rae8 18. Rxe7 Rxe7 {½-½ (28) Jerez Perez,A (2300)-Narciso Dublan,M (2450) Barcelona 1998}) 15. Bxd5 cxd5 16. Qh5 c6 17. Qg5 Qxg5 18. Bxg5 f6 19. Bd2 Kf7 20. g3 h5 21. Rxe8 Kxe8 22. Re1+ Kd7 23. Kg2 Re8 24. Rxe8 Kxe8 25. f4 g6 26. Kf3 f5 27. Ke3 Kd7 28. Kd3 Ke6 29. Be3 Be7 30. h4 Bf6 31. Bd2 Kd6 32. Be3 a5 33. a4 b5 34. b3 Kc7 35. Bc1 Be7 36. Be3 Kb6 37. Bf2 Bf8 38. Be3 Ba3 39. Bf2 Bf8 $11 40. Be3 Be7 {[%emt 0:01:10] Ke4} 1/2-1/2

[Event "Moscow Open-F 2019"]
[Site "Moscow"]
[Date "2019.01.31"]
[Round "7"]
[White "Aleksandrovskiy, Dmitriy"]
[Black "Grachev, Andrey"]
[Result "1-0"]
[ECO "A00"]
[WhiteElo "2299"]
[BlackElo "2181"]
[Annotator "NA"]
[PlyCount "61"]
[EventDate "2019.01.26"]
[EventType "swiss"]
[EventCountry "RUS"]
[SourceTitle "playchess.com"]
[Source "ChessBase"]
[SourceQuality "1"]
[TimeControl "40/5400+30:1800+30"]

1. g3 d6 2. Bg2 e5 3. c4 g6 4. Nc3 Bg7 5. e3 f5 6. d3 {[%emt 0:00:12] LiveBook: 152 Games} Nf6 7. Nge2 O-O 8. O-O c6 9. b4 Be6 10. b5 Qc8 11. Ba3 Rd8 12. bxc6 bxc6 13. Qa4 Bf7 14. Rab1 Be8 15. Qa5 Bf8 16. e4 fxe4 17. Nxe4 Nxe4 18. Bxe4 Nd7 19. f4 exf4 (19... Bf7 $16) 20. Nxf4 Nc5 $2 {[%emt 0:00:06] [#]} (20... Bf7 $16 {is more resistant.}) 21. Bg2 (21. Nd5 $142 $1 Nxe4 (21... cxd5 22. Bxd5+) 22. dxe4) 21... Bg7 22. Kh1 g5 23. d4 Bxd4 {[%emt 0:03:34] [#]} 24. Qd2 $1 Bg7 {[%emt 0:01:16] [#]} 25. Nd5 $16 cxd5 26. Bxd5+ Ne6 27. Rb7 Qxb7 28. Bxb7 d5 29. Bxa8 dxc4 30. Qe3 Nc7 31. Qe7 1-0

[Event "Moscow Open-F 2019"]
[Site "Moscow"]
[Date "2019.01.31"]
[Round "7"]
[White "Rudometov, Maxim"]
[Black "Kuzub, Pavel"]
[Result "1-0"]
[ECO "A11"]
[WhiteElo "2265"]
[BlackElo "1976"]
[Annotator "NA"]
[PlyCount "103"]
[EventDate "2019.01.26"]
[EventType "swiss"]
[EventCountry "RUS"]
[SourceTitle "playchess.com"]
[Source "ChessBase"]
[SourceQuality "1"]
[TimeControl "40/5400+30:1800+30"]

1. c4 c6 2. Nc3 d5 3. e3 Nf6 4. Nf3 e6 5. b3 Nbd7 6. Bb2 Be7 7. d4 b6 8. Bd3 Bb7 9. O-O O-O 10. Qe2 c5 11. cxd5 exd5 12. Rfd1 Re8 13. Ba6 Qb8 14. Rac1 Bd6 15. h3 (15. dxc5 $16 bxc5 16. Bxb7 Qxb7 17. Qd2) 15... cxd4 16. Nxd4 Nc5 ({Black should try} 16... Bh2+ 17. Kh1 Be5) 17. Bxb7 Qxb7 18. Nf5 Be5 19. b4 Qd7 $2 (19... Nce4 $16) 20. Nxg7 Kxg7 21. bxc5 bxc5 22. Nxd5 Nxd5 23. Rxc5 Rad8 24. Rcxd5 Qxd5 25. Rxd5 Rxd5 26. Qg4+ Kf8 27. Ba3+ Bd6 28. Bxd6+ Rxd6 29. Qb4 Red8 30. h4 Kg8 31. g4 a6 32. h5 h6 33. a4 Re6 34. Kg2 Rde8 35. Kf3 Rf6+ 36. Kg3 Rfe6 37. Qf4 Kg7 38. Qd4+ Kg8 39. Kf4 Kh7 40. e4 R8e7 41. Kf5 Rb7 42. f4 Reb6 43. Qc4 Kg7 44. g5 Re6 45. Qd4+ Kg8 46. g6 Rbe7 47. gxf7+ Kxf7 48. Qc4 Re8 49. a5 R8e7 50. e5 $18 Re8 51. Qd5 R8e7 52. Ke4 1-0

[Event "Moscow Open-F 2019"]
[Site "Moscow"]
[Date "2019.01.31"]
[Round "7"]
[White "Thing, Bibek"]
[Black "Pischasov, Alexander"]
[Result "1-0"]
[ECO "B22"]
[WhiteElo "2264"]
[BlackElo "2022"]
[Annotator "ChessBase"]
[PlyCount "85"]
[EventDate "2019.01.26"]
[EventType "swiss"]
[EventCountry "RUS"]
[SourceTitle "playchess.com"]
[Source "ChessBase"]
[SourceQuality "1"]
[TimeControl "40/5400+30:1800+30"]

1. e4 c5 2. c3 e6 3. Nf3 d5 4. exd5 Qxd5 5. d4 cxd4 6. cxd4 Nf6 7. Bd3 Nc6 8. O-O Be7 9. Nc3 Qd8 10. Qe2 O-O 11. Rd1 Nb4 12. Ne5 Bd7 13. Nxd7 Qxd7 14. Bb5 Qd8 15. h4 Rc8 16. h5 Nbd5 17. h6 g6 18. Bc4 Nxc3 19. bxc3 Nd5 20. Bd2 Qd6 21. Rac1 Nf4 22. Qg4 Rxc4 23. Bxf4 Qd5 24. Re1 Rfc8 25. Re5 Qd8 26. Bd2 Bf6 27. Re4 Qd5 28. Rce1 b5 29. Rf4 Bh8 30. a3 Ra4 31. Qh4 Qd7 32. Rf3 e5 33. Rfe3 exd4 34. Qh3 f5 35. Re7 Qc6 36. R1e6 Qc5 37. Qg3 dxc3 38. Rxg6+ Kf8 39. Rxh7 Qd5 40. Rxh8+ Kf7 41. Rh7+ Kf8 42. Rg8+ Qxg8 43. Qd6+ 1-0

[Event "Moscow Open-F 2019"]
[Site "Moscow"]
[Date "2019.01.31"]
[Round "7"]
[White "Teiitbaev, Aktilek"]
[Black "Ufimtsev, Egor"]
[Result "1-0"]
[ECO "B30"]
[WhiteElo "2229"]
[BlackElo "2160"]
[Annotator "NA"]
[PlyCount "207"]
[EventDate "2019.01.26"]
[EventType "swiss"]
[EventCountry "RUS"]
[SourceTitle "playchess.com"]
[Source "ChessBase"]
[SourceQuality "1"]
[TimeControl "40/5400+30:1800+30"]

1. e4 c5 2. Nf3 Nc6 3. Bb5 e6 4. O-O Nge7 5. Re1 a6 6. Bf1 d5 7. exd5 Nxd5 8. d4 cxd4 9. Nxd4 Ndb4 {[%emt 0:08:51] B30: Sicilian: 2...Nc6 3 Bb5, lines without ...g6} 10. Nxc6 Qxd1 11. Rxd1 Nxc6 (11... bxc6 12. Na3 Bc5 13. Be3 Bxe3 14. fxe3 Ke7 15. Nc4 c5 16. c3 Nc6 17. Nb6 {½-½ (29) Ferreira,J (2499)-Istratescu,A (2589) Belgium 2018}) 12. Be3 Be7 13. Nc3 O-O 14. Na4 $146 ({Predecessor:} 14. Ne4 Nb4 15. Rd2 b5 16. Bc5 Bxc5 17. Nxc5 {½-½ (41) Cunningham,P-Williams,H Wales 1981}) 14... e5 15. Nb6 Rb8 16. c3 Be6 17. Nd7 Bxd7 $1 18. Rxd7 Rfd8 19. Rad1 Kf8 20. f3 Ke8 21. Rxd8+ Rxd8 22. Rxd8+ Nxd8 23. Bc4 Kd7 24. Kf2 Ne6 25. b4 f5 26. g3 Bf6 27. Bd5 Nd8 28. Bb6 e4 29. fxe4 Bxc3 30. a3 fxe4 31. Bxe4 Bb2 32. a4 Nc6 33. b5 axb5 34. axb5 Bd4+ 35. Bxd4 Nxd4 36. b6 Kd6 37. Bxb7 Kc5 38. Ke3 Nc2+ 39. Kf4 Kxb6 40. Be4 Nd4 41. Bxh7 Kc5 42. h4 Kd6 43. g4 Ke7 44. Bg8 g6 45. Ke4 Nc2 46. Bb3 Ne1 {[%emt 0:00:07] [#]} 47. Kf4 $1 Kf6 48. Bd5 Nd3+ 49. Ke4 Nf2+ 50. Kf3 Nd3 51. g5+ Kg7 52. Be4 Ne5+ 53. Kf4 Nf7 54. Bd3 Nd6 55. Ke5 Nf7+ 56. Kd5 Nd8 57. Ba6 Nf7 58. Bb7 (58. Bc4 $18 {is more deadly.}) 58... Nd8 59. Bc6 Kf7 60. Bd7 Ke7 61. Ba4 Ne6 62. Ke5 Nc7 63. Bc2 Kf7 64. Bd3 Ne8 65. Bc4+ Ke7 66. Bb5 Ng7 67. Bd3 Kf7 68. Bc4+ Ke7 69. Be2 Kf7 70. Bf3 Ke7 71. Bd5 Ne8 72. Be4 Kf7 73. Bd3 (73. Bb1 $16) 73... Ng7 74. Bb5 Ke7 75. Bc4 Ne8 76. Be2 Ng7 77. Bf3 Ne8 78. Kf4 Ng7 79. Be4 Kf7 80. Bc6 Nh5+ 81. Kg4 Ng7 82. Bd5+ Ke7 83. Bg8 Kf8 84. Bc4 Ke7 85. Kf4 Nh5+ 86. Ke5 Ng7 87. Bd3 Kf7 88. Kd6 Nh5 89. Be4 Nf4 90. Kd7 Kf8 91. Kd6 Kf7 92. Bd5+ Kg7 93. Bf3 Kf7 94. Ke5 Nd3+ 95. Kd4 $1 Nf4 96. Ke3 $11 Ne6 97. Bd5 Ke7 98. Bxe6 Kxe6 99. Kf4 Kd6 100. Kg4 Ke6 101. h5 gxh5+ 102. Kxh5 Kf7 103. Kh6 Kg8 104. Kg6 1-0